 Dungeon Crawl Stone Soup version 0.28-a0-312-gbced6e68ee (webtiles) character file.

Game seed: 4022611276635007350

802 dolemite99 the Cleaver (level 7, -3/78 HPs)
             Began as a Demonspawn Fighter on Aug 31, 2021.
             Was an Initiate of Ashenzari.
             Slain by a sky beast (5 damage)
             ... on level 5 of the Dungeon.
             The game lasted 00:04:59 (5033 turns).

dolemite99 the Cleaver (Demonspawn Fighter)         Turns: 5033, Time: 00:05:00

Health: -3/78      AC: 15    Str: 18    XL:     7   Next: 59%
Magic:  7/7        EV:  2    Int:  9    God:    Ashenzari [......]
Gold:   53         SH:  0    Dex: 13    Spells: 6/6 levels left

rFire   . . .      SeeInvis .   d - +2 broad axe (vorpal)
rCold   . . .      Faith    .   (no shield)
rNeg    + + +      Spirit   .   (armour currently unavailable)
rPois   +          Reflect  .   (helmet currently unavailable)
rElec   .          Harm     .   (cloak currently unavailable)
rCorr   .          Rampage  .   (gloves currently unavailable)
Will    .....      NoTele   +   (boots currently unavailable)
Stlth   +.........              f - amulet of the acrobat
HPRegen 0.23/turn               l - ring of poison resistance
MPRegen 0.10/turn               (no ring)

@: tree-form, corroded
A: stationary, stasis, torment immunity, boosted hp, (claws 1), (slimy green
scales 1), demonic guardian 1
a: Renounce Religion


You were on level 5 of the Dungeon.
You worshipped Ashenzari.
Ashenzari was noncommittal.
You were a tree.
You visited 2 branches of the dungeon, and saw 6 of its levels.

You collected 137 gold pieces.
You spent 84 gold pieces at shops.

Inventory:

Hand Weapons
 a - a +0 war axe
 d - a +2 vorpal broad axe (weapon)
 z - a +0 battleaxe
Missiles
 g - 111 stones (quivered)
 t - 19 bolts
Armour
 b - a +0 scale mail (melded)
 c - a +0 kite shield
 q - a +0 cloak (melded)
 A - a +0 pair of boots (melded)
Jewellery
 f - an amulet of the acrobat (around neck)
 l - a ring of poison resistance (left branch)
 u - a ring of fire
 x - a ring of fire
Wands
 y - a wand of polymorph (4)
Scrolls
 e - 3 scrolls of teleportation
 i - 3 scrolls of identify {@r1}
 n - 3 scrolls of enchant armour
 o - 2 scrolls of blinking
 r - a scroll of magic mapping
 s - a scroll of fog
 v - a scroll of enchant weapon
 w - a scroll of fear
Potions
 h - a potion of ambrosia
 j - 2 potions of mutation
 k - a potion of attraction
 m - a potion of heal wounds
 B - a potion of flight


   Skills:
 - Level 3.0 Fighting
 + Level 8.0 Axes
 - Level 2.6 Armour
 - Level 2.6 Shields


You had 6 spell levels left.
You didn't know any spells.
Your spell library contained the following spells:

 Spells                   Type           Power      Damage    Failure   Level
 Static Discharge         Conj/Air       0%         N/A       52%         2
 Conjure Flame            Conj/Fire      0%         6-21      77%         3
 Ignite Poison            Fire/Tmut/Pois 0%         N/A       77%         3
 Sticky Flame             Conj/Fire      0%         2d3       99%         4
 Summon Ice Beast         Ice/Summ       0%         N/A       99%         4
 Lightning Bolt           Conj/Air       0%         1d11      100%        5
 Summon Mana Viper        Hex/Summ       0%         N/A       100%        5
 Monstrous Menagerie      Summ           0%         N/A       100%        7
 Maxwell's Capacitive Co  Air            0%         ∞         100%        8


Dungeon Overview and Level Annotations

Branches:
Dungeon (5/15)             Temple (1/1) D:4

Altars:
Ashenzari
Cheibriados
Elyvilon
Fedhas
Gozag
Makhleb
Nemelex Xobeh
Qazlal
Sif Muna
Trog
Uskayaw
Vehumet
Wu Jian
Xom
Yredelemnul
Zin
The Shining One

Shops:
D:3 !

Annotations:
D:2 exclusion: downstairs
D:3 Grinder


Innate Abilities, Weirdness & Mutations

You are a tree.
Your roots penetrate the ground, keeping you stationary.
You cannot be teleported.
You are immune to unholy pain and torment.
Your maximum health is greatly increased.
Your equipment is partially melded.
((You have sharp fingernails.))
((You are partially covered in slimy green scales. (AC +2)))
A weak demonic guardian rushes to your aid.


Message History

Your +0 pair of boots melds into your body.
Your +0 scale mail melds into your body.
Your roots penetrate the ground.
The acid dragon spits acid at you. The splash of acid hits you!
The acid corrodes you! The sky beast hits you. The sky beast shocks you.
You barely miss the acid dragon. You closely miss the sky beast.
The acid dragon bites you but does no damage.
The acid dragon claws you. The sky beast hits you. The sky beast shocks you.
A demonic guardian appears!
The acid dragon bites you but does no damage.
The acid dragon claws you.
* * * LOW HITPOINT WARNING * * *
You closely miss the acid dragon. You hit the sky beast but do no damage.
The sky beast flickers out of sight!
Deactivating autopickup; reactivate with Ctrl-A.
Something hits you but does no damage. The acid dragon bites you!
* * * LOW HITPOINT WARNING * * *
The acid dragon claws you but does no damage.
You completely miss the acid dragon. You barely miss something.
Something hits you.
* * * LOW HITPOINT WARNING * * *
Something shocks you.
* * * LOW HITPOINT WARNING * * *
The acid dragon bites you but does no damage.
The acid dragon claws you but does no damage.
Something hits you but does no damage.
Your iron imp barely misses something.
You barely miss the acid dragon. You miss something.
The acid dragon bites you but does no damage.
The acid dragon claws you but does no damage.
Something hits you but does no damage.
You barely miss the acid dragon. You miss something.
Your iron imp hits something.
The acid dragon bites you.
* * * LOW HITPOINT WARNING * * *
A demonic guardian appears!
The acid dragon claws you but does no damage.
Something hits you.
* * * LOW HITPOINT WARNING * * *
Something shocks you.
You die...

§..≈.≈.######..###..#........
≈≈≈.≈......#..##############
≈......#....# ≈......#....#
.......#....# .......#....#
.......#....# ......D#+#..#
#.{♣..### #..5..# #...5.#
#.....# #.....# #.....#
#.....# #.....#


You could see an acid dragon (ally target), a friendly iron imp (summoned) and a
friendly quasit (summoned).

Vanquished Creatures
  Sigmund (D:3)
  2 black bears (D:4)
  An ogre (D:4)
  A phantom (D:5)
  Blork the orc (D:4)
  2 hounds
  An orc wizard (D:4)
  6 adders
  A worm (D:2)
  6 orcs
  7 endoplasms
  3 giant cockroaches
  7 goblins
  6 hobgoblins
  2 quokkas (D:1)
  8 ball pythons
  6 bats
  4 frilled lizards
  7 kobolds
  2 rats
74 creatures vanquished.

Vanquished Creatures (collateral kills)
  An orc wizard (D:3)
  2 endoplasms
  A goblin (D:3)
  A frilled lizard (D:1)
5 creatures vanquished.

Grand Total: 79 creatures vanquished

Notes
Turn   | Place    | Note
-------+----------+-------------------------------------------
     0 | D:1      | dolemite99 the Demonspawn Fighter began the quest for the
                  | Orb.
     0 | D:1      | Reached XP level 1. HP: 18/18 MP: 1/1
    17 | D:1      | Reached skill level 2 in Axes
   222 | D:1      | Gained mutation: A weak demonic guardian rushes to your
                  | aid. [demonic ancestry]
   222 | D:1      | Reached XP level 2. HP: 22/24 MP: 2/2
   893 | D:1      | Reached skill level 3 in Axes
  1195 | D:2      | Gained mutation: You are partially covered in slimy green
                  | scales. (AC +2) [demonic ancestry]
  1195 | D:2      | Reached XP level 3. HP: 25/29 MP: 3/3
  2192 | D:2      | Reached skill level 4 in Axes
  2192 | D:2      | Reached XP level 4. HP: 34/35 MP: 4/4
  2512 | D:3      | Noticed Sigmund
  2528 | D:3      | Killed Sigmund
  2529 | D:3      | Reached skill level 5 in Axes
  2529 | D:3      | Reached XP level 5. HP: 12/41 MP: 5/5
  2529 | D:3      | Gained mutation: You have sharp fingernails. [demonic
                  | ancestry]
  2529 | D:3      | Reached XP level 6. HP: 14/47 MP: 6/6
  2911 | D:3      | Found a faded altar of an unknown god.
  2917 | D:3      | Noticed Grinder
  2923 | D:3      | Identified 2 scrolls of acquirement
  2923 | D:3      | Acquired a +2 vorpal broad axe
  3210 | D:3      | Reached skill level 6 in Axes
  3632 | D:2      | Acquired an amulet of the acrobat
  3723 | D:3      | Found Uwuxzane's Distillery.
  3727 | D:3      | Bought a potion of curing for 42 gold pieces
  3727 | D:3      | Bought a potion of curing for 42 gold pieces
  3903 | D:4      | Found a bloodstained altar of Trog.
  3924 | D:4      | Noticed Blork the orc
  3940 | D:4      | Killed Blork the orc
  3981 | D:4      | Reached skill level 7 in Axes
  3981 | D:4      | Reached XP level 7. HP: 6/52 MP: 7/7
  4402 | D:4      | Found a staircase to the Ecumenical Temple.
  4424 | Temple   | Entered the Ecumenical Temple
  4471 | Temple   | Became a worshipper of Ashenzari the Shackled
  4826 | D:5      | Entered Level 5 of the Dungeon
  4833 | D:5      | Found a stormy altar of Qazlal.
  4969 | D:5      | Reached skill level 8 in Axes
  5033 | D:5      | HP: 3/78 [acid dragon (1)]
  5033 | D:5      | Slain by a sky beast

Illustrated notes

Levels and vault maps discovered:
D:1:      minmay_arrival_diagonal_passages, layout_loops_ring
D:2:      layout_basic, minmay_joined_circles
D:3:      layout_rooms, mainiacjoe_overflow_divided_tiny,
          basic_ecumenical_altar, serial_shops, shop, minmay_mini_jars,
          uniq_sigmund, uniq_grinder
D:4:      layout_loops_ring, trog_ov_bears_minmay,
          minmay_temple_entry_mini_moons, nicolae_ossuary_entry_monument,
          uniq_blork_the_orc
D:5:      layout_gridville, grunt_dithmenos_smoke_and_mirrors,
          mainiacjoe_overflow_concentric_impassable, minivault_23
Temple:   eino_wide_crystal_templ

Skill      XL: |  1  2  3  4  5  6  7 |
---------------+----------------------+-----
Axes           | 2 3 4 5 7 8 |  8.0
Fighting       | |  3.0
Armour         | |  2.6
Shields        | |  2.6

Action                   |  1- 3 |  4- 6 |  7- 9 || total
-------------------------+-------+-------+-------++-------
Melee: War axe           |   163 |   125 |       ||   288
       Broad axe         |       |     1 |    38 ||    39
Throw: Stone             |    12 |       |       ||    12
  Use: Potion            |       |     4 |     2 ||     6
       Scroll            |       |     3 |       ||     3
Armor: Scale mail        |   122 |    88 |    18 ||   228
       Skin              |       |       |    11 ||    11
Dodge: Dodged            |    94 |    77 |    11 ||   182

Table legend: (Time is in decaauts)
 A = Elapsed time spent in this place.
 B = Non-inter-level travel time spent in this place.
 C = Inter-level travel time spent in this place.
 D = Time resting spent in this place.
 E = Time spent auto-exploring this place.
 F = Levels seen in this place.
 G = Mean time per level.
                   A        B        C        D        E       F      G
               +--------+--------+--------+--------+--------+-----+--------+
         Total |   5127 |   5013 |    114 |   1863 |   2172 |   6 |  854.5 |
       Dungeon |   5067 |   4963 |    104 |   1863 |   2142 |   5 | 1013.4 |
        Temple |     59 |     49 |     10 |      0 |     30 |   1 |   59.0 |
               +--------+--------+--------+--------+--------+-----+--------+

Top non-repeatable levels by time:
     D:2: 1602 daAuts
     D:4: 1229 daAuts
     D:1: 1206 daAuts
     D:3: 926 daAuts
     D:5: 103 daAuts
  Temple: 59 daAuts
